Map: Sequencer LE

Players

Harstem

  • Race: Protoss Protoss
  • Spawn Location: 7:00

Probe - Winner!

  • Race: Protoss Protoss
  • Spawn Location: 1:00

Event: WCS Valencia 2017

VOD

Have the link to the VOD?

Description

Time

  • Played on: July 13, 2017, 1:02 p.m.
  • Length: 29:57

All games in this series

Show
View Real Time Build Order
Export as new Build Order

Harstem Protoss 

Build Orders: Phoenix Opening 

Get SALT Encoding   

  12  0:01  Probe (Chrono Boost)  
  13  0:11  Probe (Chrono Boost)  
  14  0:18  Pylon  
  14  0:22  Probe (Chrono Boost)  
  15  0:36  Probe (Chrono Boost)  
  15  0:37  Gateway  
  16  0:47  Probe (Chrono Boost)  
  16  0:48  Assimilator  
  17  0:51  Assimilator  
  17  0:57  Probe (Chrono Boost)  
  18  1:06  Gateway  
  18  1:08  Probe (Chrono Boost)  
  19  1:19  Probe (Chrono Boost)  
  19  1:23  Cybernetics Core  
  20  1:29  Probe (Chrono Boost)  
  21  1:34  Pylon  
  21  1:40  Probe (Chrono Boost)  
  22  1:50  Probe (Chrono Boost)  
  23  2:00  Warp Gate (Chrono Boost)  
  23  2:01  Stalker  
  25  2:03  Mothership Core  
  27  2:11  Stalker  
  29  2:18  Pylon  
  29  2:31  Sentry  
  31  2:50  Nexus  
  31  2:57  Stalker  
  33  3:02  Probe  
  34  3:12  Stalker  
  36  3:16  Pylon  
  36  3:19  Probe  
  37  3:32  Probe (Chrono Boost)  
  38  3:36  Robotics Facility  
  38  3:41  Phoenix  
  38  3:42  Probe (Chrono Boost)  
  39  3:51  Sentry  
  39  3:53  Probe (Chrono Boost)  
  42  3:58  Twilight Council  
  42  4:03  Probe (Chrono Boost)  
  42  4:04  Probe (Chrono Boost)  
  44  4:14  Probe (Chrono Boost)  
  44  4:15  Probe (Chrono Boost)  
  46  4:22  Forge  
  46  4:24  Observer (Chrono Boost), Probe x2  
  49  4:35  Probe (Chrono Boost)  
  49  4:36  Phoenix  
  49  4:37  Probe (Chrono Boost), Blink  
  51  4:41  Immortal  
  55  4:46  Probe (Chrono Boost)  
  55  4:47  Probe (Chrono Boost)  
  55  4:48  Pylon  
  57  4:56  Protoss Ground Weapons Level 1 (Chrono Boost)  
  57  4:57  Probe  
  57  4:58  Probe  
  58  5:09  Probe  
  58  5:10  Probe  
  60  5:21  Probe, Pylon  
  60  5:22  Probe, Nexus  
  62  5:33  Probe  
  62  5:34  Probe  
  68  5:39  Assimilator  
  68  5:40  Sentry  
  70  5:43  Assimilator  
  70  5:48  Gateway  
  70  5:49  Gateway  
  70  5:53  Stalker  
  70  5:54  Probe  
  70  5:55  Probe  
  65  6:06  Probe  
  65  6:08  Probe  
  65  6:10  Stalker  
  69  6:18  Observer, Probe  
  68  6:19  Pylon  
  68  6:20  Probe, Pylon  
  69  6:30  Probe  
  70  6:33  Gateway  
  70  6:34  Probe (Chrono Boost)  
  70  6:36  Probe (Chrono Boost)  
  70  6:37  Pylon  
  72  6:42  Probe (Chrono Boost)  
  72  6:45  Probe (Chrono Boost)  
  74  6:48  Probe (Chrono Boost)  
  74  6:51  Pylon  
  75  6:55  Probe (Chrono Boost)  
  75  6:56  Stalker  
  78  7:02  Phoenix  
  78  7:03  Probe (Chrono Boost)  
  78  7:04  Stalker  
  81  7:10  Probe (Chrono Boost)  
  81  7:11  Robotics Bay  
  81  7:13  Probe (Chrono Boost)  
  81  7:14  Photon Cannon  
  83  7:16  Probe (Chrono Boost)  
  83  7:21  Probe (Chrono Boost), Pylon  
  85  7:23  Robotics Facility  
  85  7:28  Probe (Chrono Boost)  
  85  7:29  Probe (Chrono Boost), Sentry  
  89  7:30  Stalker  
  89  7:34  Stalker  
  89  7:37  Probe (Chrono Boost)  
  94  7:41  Probe (Chrono Boost)  
  95  7:45  Stalker  
  95  7:47  Pylon  
  97  7:52  Probe (Chrono Boost)  
  97  7:54  Pylon  
  97  7:55  Probe x2 (Chrono Boost)  
  100  7:58  Pylon  
  100  7:59  Pylon, Disruptor  
  100  8:01  Sentry  
  100  8:02  Stalker  
  107  8:05  Stalker  
  107  8:08  Probe (Chrono Boost)  
  110  8:15  Disruptor  
  110  8:16  Pylon  
  113  8:22  Stalker  
  107  8:27  Stalker  
  107  8:28  Probe (Chrono Boost)  
  107  8:29  Probe (Chrono Boost)  
  107  8:31  Stalker x2  
  111  8:35  Pylon  
  108  8:48  Stalker  
  107  8:51  Disruptor  
  105  8:56  Zealot, Stalker  
  105  8:57  Stalker  
  105  8:58  Assimilator  
  111  9:04  Probe (Chrono Boost)  
  111  9:07  Gateway  
  112  9:10  Disruptor  
  112  9:12  Probe (Chrono Boost)  
  112  9:15  Stalker  
  117  9:17  Probe (Chrono Boost)  
  117  9:20  Stalker x2  
  105  9:34  Nexus  
  105  9:35  Disruptor (Chrono Boost)  
  108  9:38  Pylon  
  108  9:39  Assimilator  
  108  9:49  Nexus  
  108  9:53  Disruptor (Chrono Boost)  
  108  9:57  Probe  
  112  10:08  Protoss Ground Weapons Level 2 (Chrono Boost)  
  112  10:09  Stalker x2  
  116  10:19  Probe x2  
  116  10:31  Stalker x3  
  122  10:39  Photon Cannon  
  120  10:54  Charge  
  120  10:57  Pylon  
  120  11:04  Probe, Stalker x4  
  120  11:06  Probe x2  
  120  11:07  Probe  
  132  11:15  Probe  
  133  11:19  Stalker  
  129  11:27  Stalker x3  
  133  11:36  Probe  
  133  11:37  Stalker  
  132  11:41  Probe  
  132  11:42  Probe  
  132  11:43  Probe  
  132  11:46  Photon Cannon  
  135  11:48  Probe  
  135  11:52  Probe  
  135  11:53  Probe  
  138  11:54  Probe  
  139  12:01  Stalker  
  139  12:02  Zealot x4  
  139  12:03  Disruptor (Chrono Boost)  
  152  12:08  Probe, Disruptor  
  152  12:10  Stargate  
  152  12:13  Pylon, Assimilator  
  154  12:25  Zealot x4  
  154  12:26  Zealot x2  
  164  12:39  Probe x2  
  164  12:41  Probe  
  165  12:46  Zealot x5, Probe  
  165  12:51  Probe  
  164  13:06  Disruptor  
  164  13:08  Probe, Photon Cannon  
  164  13:09  Oracle (Chrono Boost)  
  164  13:12  Photon Cannon, Fleet Beacon  
  171  13:16  Photon Cannon  
  171  13:26  Stalker x4  
  179  13:29  Pylon  
  179  13:32  Dark Shrine  
  177  13:47  Zealot x2  
  181  13:50  Pylon  
  181  13:53  Stargate  
  181  13:54  Zealot x4  
  182  14:07  Probe x2  
  178  14:11  Probe  
  179  14:41  Photon Cannon, Nexus  
  174  14:52  Disruptor  
  174  14:56  Zealot x4  
  174  14:57  Zealot x2, Disruptor  
  169  15:22  Stalker x6  
  177  15:38  Pylon  
  177  15:41  Disruptor  
  179  15:47  Stalker  
  179  15:48  Stalker x4  
  185  15:59  Disruptor  
  183  16:04  Probe  
  185  16:13  Stalker x5  
  185  16:14  Stalker  
  185  16:16  Disruptor  
  198  16:20  Probe  
  199  16:46  Pylon x2  
  197  16:50  Assimilator  
  197  16:52  Assimilator  
  199  17:04  Zealot  
  199  17:05  Zealot x2  
  176  17:10  Probe x2, Photon Cannon  
  176  17:13  Tempest (Chrono Boost)  
  165  17:17  Tempest (Chrono Boost)  
  156  17:22  Probe  
  156  17:24  Zealot, Photon Cannon  
  156  17:25  Zealot  
  157  17:39  Probe x2 (Chrono Boost)  
  157  17:43  Probe (Chrono Boost)  
  157  17:44  Probe (Chrono Boost)  
  160  17:45  Probe (Chrono Boost)  
  160  17:46  Tempest  
  160  17:50  Probe (Chrono Boost)  
  159  17:56  Tempest  
  171  17:58  Observer (Chrono Boost)  
  171  18:01  Observer (Chrono Boost)  
  171  18:03  Probe  
  170  18:08  Zealot x3  
  170  18:09  Zealot  
  164  18:23  Zealot x2  
  164  18:25  Tempest  
  164  18:41  Tempest  
  157  18:47  Templar Archives  
  161  19:02  Disruptor (Chrono Boost)  
  164  19:03  Tempest  
  164  19:04  Protoss Air Weapons Level 1 (Chrono Boost)  
  170  19:14  Zealot x6  
  168  19:24  Photon Cannon  
  166  19:32  Oracle (Chrono Boost)  
  166  19:49  Observer (Chrono Boost)  
  166  19:51  Tempest (Chrono Boost)  
  163  19:58  High Templar x5  
  163  19:59  High Templar  
  181  20:03  Archon x2  
  181  20:08  Tempest (Chrono Boost)  
  181  20:09  Archon  
  181  20:27  Pylon  
  179  20:31  Tempest (Chrono Boost)  
  185  20:37  Pylon, Dark Shrine  
  185  20:39  Nexus  
  185  20:40  Zealot x3  
  191  20:46  Oracle (Chrono Boost)  
  191  20:48  Pylon  
  194  20:52  Protoss Ground Weapons Level 3  
  194  20:59  High Templar x2  
  194  21:02  High Templar  
  199  21:12  High Templar  
  198  21:25  Archon  
  198  21:26  Archon  
  198  21:28  Pylon  
  196  21:37  Pylon  
  197  21:40  Immortal (Chrono Boost)  
  192  21:48  High Templar  
  192  21:49  High Templar x3  
  192  21:50  Pylon, Dark Templar  
  191  21:55  Warp Prism (Chrono Boost), Archon x2  
  193  22:14  Dark Templar  
  195  22:21  Photon Cannon  
  195  22:22  Immortal (Chrono Boost)  
  197  22:24  Photon Cannon  
  197  22:26  Photon Cannon  
  197  22:37  Assimilator  
  197  22:41  Pylon  
  197  22:42  Dark Templar  
  197  22:43  Dark Templar  
  196  22:48  Dark Templar  
  196  22:57  Gateway  
  196  23:00  Gateway  
  196  23:01  Gateway  
  196  23:02  Photon Cannon  
  196  23:03  Gateway  
  196  23:05  Photon Cannon  
  196  23:08  Gateway  
  194  23:20  Dark Templar x3  
  198  23:30  Oracle  
  185  23:38  Stalker x3  
  188  23:47  Tempest  
  168  23:51  Disruptor (Chrono Boost)  
  173  23:56  Disruptor (Chrono Boost)  
  154  24:19  Pylon, Nexus  
  154  24:23  Tempest  
  158  24:39  Tempest  
  158  24:42  Mothership Core (Chrono Boost)  
  166  24:50  Nexus  
  166  25:01  Assimilator  
  166  25:04  Photon Cannon  
  164  25:14  Photon Cannon  
  164  25:18  Zealot  
  166  25:27  Zealot, Dark Templar  
  174  25:52  Tempest  
  180  25:57  Zealot x2  
  180  26:06  Oracle  
  176  26:35  Tempest (Chrono Boost)  
  176  26:37  Nexus  
  182  27:06  Tempest (Chrono Boost)  
  182  27:07  Zealot  
  182  27:08  Zealot x2  
  192  27:10  Pylon  
  190  27:18  Oracle (Chrono Boost)  
  190  27:20  Pylon  
  193  27:37  Assimilator  
  193  27:42  Assimilator  
  193  27:48  Tempest (Chrono Boost)  
  181  28:15  Tempest (Chrono Boost)  
  162  28:26  Stalker  
  162  28:27  Stalker x2  
  119  28:34  Stalker  
  121  28:42  Zealot  
  121  28:43  Zealot x5  
  109  28:59  Disruptor  
  104  29:12  Zealot x2  
  108  29:18  Zealot  
  108  29:22  Dark Templar  
  106  29:39  Nexus  
  73  29:54  Zealot x3  
  73  29:55  Zealot  
Show
View Real Time Build Order
Export as new Build Order

Probe Protoss - Winner!

Build Orders: Zealot Archon 

Get SALT Encoding   

  12  0:00  Probe (Chrono Boost)  
  13  0:11  Probe (Chrono Boost)  
  14  0:18  Pylon  
  14  0:22  Probe (Chrono Boost)  
  15  0:36  Probe (Chrono Boost), Gateway  
  16  0:44  Assimilator  
  16  0:47  Probe (Chrono Boost)  
  17  0:52  Assimilator  
  17  0:57  Probe (Chrono Boost)  
  18  1:07  Gateway  
  18  1:08  Probe (Chrono Boost)  
  19  1:19  Probe (Chrono Boost)  
  19  1:24  Cybernetics Core  
  20  1:29  Probe (Chrono Boost)  
  22  1:40  Probe (Chrono Boost)  
  22  1:43  Pylon  
  22  1:50  Probe (Chrono Boost)  
  23  2:01  Stalker x2  
  23  2:02  Probe (Chrono Boost)  
  23  2:03  Warp Gate (Chrono Boost)  
  28  2:13  Pylon  
  28  2:17  Mothership Core  
  30  2:31  Stalker  
  30  2:33  Stalker  
  35  2:44  Probe  
  34  2:59  Probe  
  35  3:11  Probe  
  36  3:13  Nexus  
  36  3:15  Pylon  
  36  3:23  Probe  
  37  3:27  Twilight Council  
  37  3:36  Probe  
  37  3:41  Robotics Facility  
  38  3:52  Sentry x2  
  38  3:53  Probe  
  43  4:06  Probe (Chrono Boost)  
  44  4:12  Dark Shrine  
  45  4:17  Probe (Chrono Boost)  
  45  4:27  Probe x2 (Chrono Boost), Warp Prism (Chrono Boost)  
  49  4:37  Probe  
  49  4:39  Probe  
  49  4:45  Blink (Chrono Boost)  
  51  4:48  Probe  
  51  4:51  Probe  
  53  4:56  Pylon  
  53  4:59  Observer (Chrono Boost), Probe  
  54  5:02  Assimilator  
  54  5:03  Probe, Assimilator  
  56  5:10  Pylon  
  56  5:11  Probe  
  57  5:15  Probe  
  58  5:24  Probe  
  58  5:28  Probe  
  60  5:34  Dark Templar, Nexus  
  62  5:36  Probe, Dark Templar  
  62  5:40  Dark Templar  
  62  5:41  Probe  
  66  5:44  Pylon  
  66  5:48  Probe  
  67  5:53  Probe  
  68  6:00  Probe  
  68  6:01  Gateway  
  68  6:02  Gateway  
  68  6:04  Gateway  
  69  6:07  Probe  
  70  6:12  Probe  
  70  6:18  Immortal (Chrono Boost)  
  73  6:20  Gateway  
  73  6:22  Gateway  
  73  6:24  Sentry  
  75  6:27  Stalker  
  77  6:33  Pylon  
  77  6:35  Probe  
  77  6:38  Pylon  
  78  6:47  Probe  
  78  6:52  Immortal (Chrono Boost)  
  83  6:56  Probe  
  84  7:01  Stalker x4  
  84  7:05  Probe  
  93  7:09  Probe  
  93  7:14  Probe  
  92  7:17  Probe  
  92  7:21  Probe  
  95  7:25  Dark Templar x2  
  95  7:26  Stalker x3  
  105  7:31  Archon  
  105  7:32  Stalker x2  
  105  7:34  Probe x2  
  111  7:38  Pylon  
  111  7:50  Probe x2  
  111  7:51  Stalker x2  
  115  7:54  Pylon  
  115  7:55  Pylon  
  115  7:58  Stalker x2  
  119  8:00  Sentry  
  123  8:19  Stalker x4  
  130  8:29  Stalker  
  130  8:30  Stalker x2  
  130  8:34  Probe  
  131  8:49  Stalker x3  
  131  8:53  Probe  
  131  8:55  Robotics Bay  
  138  8:58  Assimilator x2  
  138  9:03  Probe  
  138  9:06  Probe  
  130  9:10  Probe, Stalker x2  
  130  9:11  Stalker x2, Nexus  
  130  9:15  Probe  
  138  9:18  Probe  
  138  9:20  Probe  
  140  9:27  Probe  
  140  9:28  Robotics Facility  
  141  9:38  Pylon  
  141  9:39  Pylon  
  141  9:42  Pylon  
  141  9:49  Pylon  
  141  9:52  Pylon  
  141  9:56  Probe, Disruptor (Chrono Boost)  
  141  9:59  Forge  
  145  10:02  Stalker x7  
  159  10:13  Pylon  
  159  10:16  Pylon, Assimilator  
  159  10:17  Disruptor (Chrono Boost)  
  159  10:19  Pylon  
  162  10:27  Disruptor (Chrono Boost)  
  163  10:35  Charge, Protoss Ground Weapons Level 1 (Chrono Boost)  
  163  10:42  Stalker x3  
  169  10:49  Disruptor (Chrono Boost)  
  168  10:57  Photon Cannon  
  168  10:58  Disruptor (Chrono Boost)  
  168  10:59  Photon Cannon  
  168  11:01  Photon Cannon  
  171  11:08  Assimilator  
  171  11:09  Photon Cannon  
  171  11:20  Disruptor (Chrono Boost)  
  172  11:29  Disruptor (Chrono Boost)  
  171  11:35  Stargate  
  159  11:49  Stalker  
  159  11:50  Stalker x6, Disruptor (Chrono Boost)  
  176  11:58  Disruptor (Chrono Boost)  
  179  12:02  Nexus  
  179  12:07  Pylon  
  179  12:09  Pylon  
  179  12:13  Assimilator  
  179  12:17  Assimilator  
  179  12:20  Oracle  
  180  12:25  Disruptor  
  183  12:35  Photon Cannon, Stalker x6  
  183  12:36  Stalker  
  197  12:37  Photon Cannon  
  197  12:39  Photon Cannon  
  189  12:53  Disruptor  
  189  12:56  Disruptor  
  169  13:10  Stalker, Gateway x2  
  169  13:11  Stalker x3  
  169  13:12  Gateway  
  175  13:14  Gateway  
  175  13:16  Gateway  
  175  13:19  Gateway  
  175  13:39  Disruptor x2  
  179  13:48  Stalker x4  
  179  13:49  Stalker x3  
  188  14:08  Oracle  
  179  14:24  Zealot x7  
  185  14:37  Stargate  
  181  14:40  Fleet Beacon  
  181  14:41  Stargate  
  177  14:57  Zealot x10  
  177  14:58  Zealot  
  181  15:11  Protoss Ground Weapons Level 2 (Chrono Boost)  
  167  15:24  Carrier x3 (Chrono Boost)  
  177  15:30  Stalker x2  
  177  15:33  Templar Archives  
  177  15:46  Protoss Air Weapons Level 1  
  171  16:07  Graviton Catapult  
  147  16:21  Dark Templar x2  
  155  16:35  High Templar x4  
  155  16:38  Zealot x7  
  177  16:45  Carrier x2 (Chrono Boost)  
  177  16:46  Carrier (Chrono Boost)  
  181  17:13  Archon x2  
  181  17:22  Dark Templar  
  181  17:28  Observer  
  182  17:31  Dark Templar  
  182  17:32  Zealot x8  
  200  17:42  Protoss Air Weapons Level 2 (Chrono Boost)  
  200  17:44  Protoss Ground Weapons Level 3  
  200  17:54  Nexus  
  198  18:03  Assimilator  
  177  18:39  Zealot x11  
  199  19:10  Stargate  
  199  19:11  Stargate  
  199  19:13  Stargate  
  199  19:15  Oracle  
  199  19:18  Nexus  
  184  19:36  Dark Templar x3  
  184  19:37  Dark Templar  
  186  19:42  Tempest  
  186  19:47  Tempest, Assimilator  
  198  20:04  Tempest (Chrono Boost)  
  196  20:16  Protoss Air Weapons Level 3 (Chrono Boost)  
  196  20:18  Tempest (Chrono Boost)  
  196  20:21  Tempest (Chrono Boost)  
  196  20:26  Tempest (Chrono Boost)  
  192  20:30  Pylon, Tempest (Chrono Boost)  
  192  20:31  Pylon  
  190  20:38  Cybernetics Core  
  196  20:43  Tempest (Chrono Boost)  
  196  20:48  Nexus  
  196  20:50  Pylon  
  196  20:54  Assimilator  
  194  20:59  Assimilator  
  194  21:00  Tempest (Chrono Boost)  
  195  21:06  Protoss Shields Level 1  
  195  21:10  Oracle (Chrono Boost)  
  196  21:27  Tempest (Chrono Boost)  
  196  21:31  Pylon  
  194  21:39  Oracle (Chrono Boost)  
  190  21:40  Dark Templar  
  189  21:57  Protoss Air Armor Level 1  
  189  22:05  Tempest (Chrono Boost)  
  195  22:14  Tempest (Chrono Boost)  
  197  22:44  Tempest (Chrono Boost)  
  197  23:16  Stalker  
  199  23:20  Photon Cannon  
  199  23:21  Photon Cannon  
  199  23:23  Photon Cannon  
  199  23:24  Photon Cannon x3  
  174  23:43  Tempest x2 (Chrono Boost)  
  174  23:46  Tempest (Chrono Boost)  
  176  23:56  Tempest (Chrono Boost)  
  176  23:58  Protoss Air Armor Level 2  
  188  24:06  High Templar x3  
  188  24:07  High Templar x3  
  200  24:14  Archon x2  
  200  24:15  Archon  
  200  24:16  Protoss Shields Level 2 (Chrono Boost)  
  188  24:38  Fleet Beacon  
  188  24:42  Photon Cannon x2  
  188  24:47  Zealot x6  
  200  24:53  Pylon  
  200  24:55  Pylon x2  
  200  25:13  Photon Cannon  
  200  25:18  Oracle  
  197  25:22  Oracle  
  194  25:46  High Templar  
  194  25:47  High Templar x3  
  198  25:51  Archon  
  198  25:52  Archon  
  193  26:27  Oracle  
  193  26:30  Protoss Shields Level 3 (Chrono Boost)  
  193  26:35  Tempest  
  191  26:45  Protoss Air Armor Level 3 (Chrono Boost)  
  193  26:49  Zealot  
  193  26:50  Zealot  
  197  27:03  Oracle  
  200  27:28  Oracle  
  193  28:12  Tempest x2  
  182  28:18  Tempest  
  182  28:27  Zealot x13  
  161  28:37  Tempest  
  137  28:43  Tempest  
  135  28:52  Zealot x10  
  106  29:05  Probe, Stalker x3  
  106  29:07  Probe x4  
  106  29:08  Probe  
  105  29:16  Probe, Stalker x5  
  105  29:17  Zealot x4, Stalker  
  117  29:19  Probe x2  
  125  29:29  Stalker x2  
  129  29:38  Zealot x4  
  129  29:39  Zealot  
  129  29:40  Probe  
  129  29:55  Zealot  
  129  29:56  Zealot x6  
Tags
 
Add a new tag
Caveats
  • Supply blocks, unpowered buildings, or Contaminate may cause inaccurate times.
  • Supply counts are checked every 10 seconds.